General information
			
			
        
        - name: BNet
 
        - type: Ladder team game (AT/RT)
 
        - host: Battle.net
 
        - saver: AidsPATIENT
 
        
map: Cherryville 
        - players: 8
 
        - length: 20:20
 
        - speed: Fast
 - version: 1.21 W3XP
 - replay type:  Public
 
» download(216 KB)
Players
        team 1 (loser) 
              
              
» 
FFA_TEN (
red | 97 APM | 1970 actions | 20:13)
              
 4 Priestess of the Moon 
 2 Trueshot Aura
 2 Scout
 
                » actions 
                
                | Assign group hotkey | 74 |  | 
| Basic commands | 42 |  | 
| Build / train | 45 |  | 
| Enter build submenu | 11 |  | 
| Enter hero's abilities submenu | 4 |  | 
| Give item / drop item | 3 |  | 
| Remove unit from queue | 3 |  | 
| Right click | 889 |  | 
| Select / deselect | 219 |  | 
| Select group hotkey | 619 |  | 
| Use ability | 61 |  | 
                1970 total
 » units 
                » upgrades
                
                | Ultravision | 1 |  | 
| Strength of the Moon | 2 |  | 
| Moon Armor | 1 |  | 
| Sentinel | 1 |  | 
                5 total
 » buildings
                
                | Altar of Elders | 2 |  | 
| Moon Well | 5 |  | 
| Hunter's Hall | 1 |  | 
| Ancient of War | 2 |  | 
| Tree of Ages | 2 |  | 
| Ancient of Wonders | 1 |  | 
                13 total
 » build order
                00:05 Altar of Elders
00:06 Moon Well
00:08 Altar of Elders
01:18 Moon Well
01:50 Hunter's Hall
02:17 Ancient of War
02:19 Ancient of War
02:37 Moon Well
05:28 Moon Well
10:04 Tree of Ages
10:06 Moon Well
12:02 Ancient of Wonders
» items
                
                | Scroll of Town Portal | 4 |  | 
| Scroll of Healing | 2 |  | 
| Boots of Speed | 1 |  | 
| Potion of Healing | 1 |  | 
| Staff of Preservation | 1 |  | 
                9 total
  
               
              
              
» 
IMASSBONEDRAGON (
orange | 118 APM | 2398 actions | 20:17)
              
 4 Keeper of the Grove 
 2 Entangling Roots
 2 Thorns Aura
 3 Warden 
 2 Shadow Strike
 1 Blink
 
                » actions 
                
                | Assign group hotkey | 283 |  | 
| Basic commands | 22 |  | 
| Build / train | 58 |  | 
| Enter build submenu | 20 |  | 
| Enter hero's abilities submenu | 7 |  | 
| Right click | 1174 |  | 
| Select / deselect | 373 |  | 
| Select group hotkey | 369 |  | 
| Use ability | 92 |  | 
                2398 total
 » units 
                
                | Wisp | 14 |  | 
| Huntress | 12 |  | 
| Archer | 2 |  | 
| Dryad | 3 |  | 
| Druid of the Claw | 6 |  | 
                37 total
 » upgrades
                
                | Strength of the Moon | 1 |  | 
| Strength of the Wild | 1 |  | 
| Abolish Magic | 1 |  | 
| Druid of the Claw Training | 2 |  | 
| Reinforced Hides | 1 |  | 
                6 total
 » buildings
                
                | Altar of Elders | 1 |  | 
| Moon Well | 5 |  | 
| Hunter's Hall | 1 |  | 
| Ancient of War | 2 |  | 
| Tree of Ages | 1 |  | 
| Ancient of Wonders | 1 |  | 
| Ancient of Lore | 2 |  | 
| Tree of Life | 3 |  | 
| Ancient Protector | 2 |  | 
| Tree of Eternity | 1 |  | 
                19 total
 » build order
                00:10 Altar of Elders
00:12 Moon Well
01:25 Hunter's Hall
01:49 Ancient of War
02:04 Ancient of War
02:18 Moon Well
02:32 Moon Well
04:46 Moon Well
07:41 Tree of Ages
09:04 Ancient of Wonders
10:18 Ancient of Lore
12:15 Moon Well
12:43 Tree of Life
13:56 Ancient Protector
14:01 Ancient Protector
15:13 Tree of Eternity
15:33 Ancient of Lore
15:38 Tree of Life
17:25 Tree of Life
» items
                
                | Scroll of Town Portal | 2 |  | 
| Scroll of Healing | 1 |  | 
                3 total
  
               
              
              
» 
MRFRIENDLY (
teal | 57 APM | 1163 actions | 20:18)
              
 6 Keeper of the Grove 
 3 Entangling Roots
 2 Thorns Aura
 1 Tranquility
 
                » actions 
                
                | Assign group hotkey | 15 |  | 
| Basic commands | 34 |  | 
| Build / train | 58 |  | 
| Enter build submenu | 20 |  | 
| Enter hero's abilities submenu | 6 |  | 
| Give item / drop item | 3 |  | 
| Remove unit from queue | 6 |  | 
| Right click | 501 |  | 
| Select / deselect | 214 |  | 
| Select group hotkey | 253 |  | 
| Use ability | 53 |  | 
                1163 total
 » units 
                » upgrades
                
                | Strength of the Moon | 3 |  | 
| Moon Armor | 2 |  | 
| Ultravision | 2 |  | 
| Improved Bows | 1 |  | 
| Nature's Blessing | 1 |  | 
| Marksmanship | 1 |  | 
| Well Spring | 1 |  | 
                11 total
 » buildings
                
                | Moon Well | 6 |  | 
| Altar of Elders | 1 |  | 
| Ancient of War | 2 |  | 
| Hunter's Hall | 1 |  | 
| Tree of Ages | 1 |  | 
| Tree of Eternity | 1 |  | 
| Ancient of Wonders | 1 |  | 
| Ancient of Wind | 1 |  | 
| Chimaera Roost | 4 |  | 
                18 total
 » build order
                00:20 Moon Well
00:35 Altar of Elders
01:17 Moon Well
01:30 Ancient of War
01:56 Moon Well
02:10 Moon Well
02:29 Ancient of War
02:40 Hunter's Hall
03:57 Tree of Ages
06:53 Tree of Eternity
07:46 Moon Well
10:23 Ancient of Wonders
10:33 Moon Well
15:49 Ancient of Wind
16:59 Chimaera Roost
17:02 Chimaera Roost
17:16 Chimaera Roost
17:33 Chimaera Roost
» items
                
                | Scroll of Town Portal | 4 |  | 
| Boots of Speed | 1 |  | 
| Potion of Invisibility | 1 |  | 
| Orb of Venom | 1 |  | 
                7 total
  
               
              
              
Zeratul-1 (
purple | 79 APM | 1601 actions | 20:18)
              
 4 Mountain King 
 2 Storm Bolt
 2 Thunder Clap
 2 Paladin 
 1 Holy Light
 1 Divine Shield
 
                » actions 
                
                | Assign group hotkey | 34 |  | 
| Basic commands | 42 |  | 
| Build / train | 85 |  | 
| Enter build submenu | 28 |  | 
| Enter hero's abilities submenu | 6 |  | 
| Remove unit from queue | 4 |  | 
| Right click | 617 |  | 
| Select / deselect | 365 |  | 
| Select group hotkey | 354 |  | 
| Use ability | 66 |  | 
                1601 total
 » units 
                
                | Peasant | 16 |  | 
| Rifleman | 11 |  | 
| Flying Machine | 4 |  | 
| Footman | -1 |  | 
| Mortar Team | 5 |  | 
                35 total
 » upgrades
                
                | Gunpowder | 2 |  | 
| Flak Cannons | 1 |  | 
| Fragmentation Shards | 1 |  | 
| Flare | 1 |  | 
                5 total
 » buildings
                
                | Altar of Kings | 1 |  | 
| Farm | 8 |  | 
| Barracks | 2 |  | 
| Blacksmith | 1 |  | 
| Arcane Vault | 1 |  | 
| Keep | 2 |  | 
| Workshop | 2 |  | 
| Castle | 2 |  | 
| Scout Tower | 7 |  | 
| Lumber Mill | 1 |  | 
| Guard Tower | 3 |  | 
| Arcane Tower | 1 |  | 
| Town Hall | 1 |  | 
                32 total
 » build order
                00:04 Altar of Kings
00:18 Farm
01:05 Barracks
01:22 Farm
01:43 Blacksmith
02:10 Farm
02:38 Barracks
04:10 Arcane Vault
04:21 Farm
04:39 Farm
04:44 Keep
04:44 Keep
05:25 Farm
08:37 Workshop
09:27 Farm
09:29 Farm
10:08 Workshop
10:19 Castle
10:20 Castle
14:45 Scout Tower
14:46 Scout Tower
14:47 Scout Tower
14:49 Scout Tower
16:00 Lumber Mill
16:31 Guard Tower
16:41 Arcane Tower
16:42 Guard Tower
17:34 Guard Tower
19:06 Scout Tower
19:10 Town Hall
19:11 Scout Tower
19:14 Scout Tower
» items
                
                | Scroll of Regeneration | 5 |  | 
| Scroll of Town Portal | 10 |  | 
| Staff of Teleportation | 3 |  | 
| Circlet of Nobility | 1 |  | 
                19 total
  
               team 2 (winner) 
              
              
AidsPATIENT (
pink | 98 APM | 1996 actions | 20:20)
              
 5 Blademaster 
 2 Wind Walk
 3 Critical Strike
 
                » actions 
                
                | Assign group hotkey | 15 |  | 
| Basic commands | 62 |  | 
| Build / train | 57 |  | 
| ESC pressed | 3 |  | 
| Enter build submenu | 17 |  | 
| Enter hero's abilities submenu | 5 |  | 
| Give item / drop item | 5 |  | 
| Right click | 1132 |  | 
| Select / deselect | 387 |  | 
| Select group hotkey | 233 |  | 
| Use ability | 80 |  | 
                1996 total
 » units 
                » upgrades
                
                | Ranged Weapons | 1 |  | 
| Envenomed Spears | 1 |  | 
| Armor | 3 |  | 
| Witch Doctor Training | 1 |  | 
| Spirit Walker Training | 1 |  | 
| Ensnare | 1 |  | 
| Melee Weapons | 1 |  | 
| Reinforced Defenses | 1 |  | 
                10 total
 » buildings
                
                | Altar of Storms | 1 |  | 
| Orc Burrow | 4 |  | 
| Voodoo Lounge | 2 |  | 
| War Mill | 1 |  | 
| Stronghold | 1 |  | 
| Watch Tower | 5 |  | 
| Beastiary | 2 |  | 
| Fortress | 1 |  | 
| Spirit Lodge | 1 |  | 
                18 total
 » build order
                00:05 Altar of Storms
00:06 Orc Burrow
00:25 Voodoo Lounge
01:10 War Mill
02:46 Stronghold
03:05 Watch Tower
03:44 Watch Tower
04:19 Orc Burrow
05:31 Beastiary
05:34 Beastiary
05:37 Orc Burrow
07:26 Fortress
08:58 Orc Burrow
10:04 Voodoo Lounge
11:03 Watch Tower
12:10 Watch Tower
15:51 Spirit Lodge
18:54 Watch Tower
» items
                
                | Healing Salve | 3 |  | 
| Lesser Clarity Potion | 5 |  | 
| Circlet of Nobility | 1 |  | 
| Staff of Teleportation | 2 |  | 
| Potion of Lesser Invulnerability | 1 |  | 
| Orb of Lightning | 1 |  | 
| Scroll of Town Portal | 1 |  | 
| Dust of Appearance | 1 |  | 
                15 total
  
               
              
              
jack7daniels (
green | 89 APM | 1811 actions | 20:19)
              
 5 Death Knight 
 3 Death Coil
 2 Unholy Aura
 4 Lich 
 2 Frost Nova
 2 Frost Armor
 2 Crypt Lord 
 1 Impale
 1 Spiked Carapace
 
                » actions 
                
                | Assign group hotkey | 7 |  | 
| Basic commands | 6 |  | 
| Build / train | 57 |  | 
| Enter build submenu | 26 |  | 
| Enter hero's abilities submenu | 11 |  | 
| Give item / drop item | 2 |  | 
| Right click | 1122 |  | 
| Select / deselect | 444 |  | 
| Select group hotkey | 18 |  | 
| Use ability | 118 |  | 
                1811 total
 » units 
                
                | Acolyte | 5 |  | 
| Ghoul | 3 |  | 
| Crypt Fiend | 11 |  | 
| Frost Wyrm | 4 |  | 
                23 total
 » upgrades
                
                | Creature Attack | 3 |  | 
| Creature Carapace | 1 |  | 
| Web | 1 |  | 
| Freezing Breath | 1 |  | 
                6 total
 » buildings
                
                | Graveyard | 2 |  | 
| Crypt | 2 |  | 
| Altar of Darkness | 1 |  | 
| Ziggurat | 9 |  | 
| Tomb of Relics | 2 |  | 
| Halls of the Dead | 1 |  | 
| Black Citadel | 1 |  | 
| Spirit Tower | 3 |  | 
| Sacrificial Pit | 1 |  | 
| Boneyard | 3 |  | 
                25 total
 » build order
                00:08 Graveyard
00:10 Graveyard
00:20 Crypt
00:38 Altar of Darkness
00:58 Ziggurat
01:42 Tomb of Relics
01:45 Tomb of Relics
02:04 Ziggurat
04:21 Halls of the Dead
04:41 Ziggurat
09:10 Black Citadel
10:27 Ziggurat
10:36 Spirit Tower
11:27 Spirit Tower
12:58 Crypt
13:12 Sacrificial Pit
13:25 Ziggurat
14:08 Boneyard
14:11 Ziggurat
14:23 Boneyard
14:25 Spirit Tower
15:10 Boneyard
17:42 Ziggurat
17:54 Ziggurat
18:45 Ziggurat
» items
                
                | Rod of Necromancy | 2 |  | 
| Dust of Appearance | 1 |  | 
| Scroll of Town Portal | 3 |  | 
| Potion of Healing | 2 |  | 
| Orb of Corruption | 1 |  | 
                9 total
  
               
              
              
KNIFE]NOOBELF (
yellow | 82 APM | 1672 actions | 20:19)
              
 3 Keeper of the Grove 
 2 Entangling Roots
 1 Force of Nature
 
                » actions 
                
                | Assign group hotkey | 75 |  | 
| Basic commands | 13 |  | 
| Build / train | 59 |  | 
| Enter build submenu | 17 |  | 
| Enter hero's abilities submenu | 3 |  | 
| Remove unit from queue | 1 |  | 
| Right click | 933 |  | 
| Select / deselect | 239 |  | 
| Select group hotkey | 272 |  | 
| Use ability | 60 |  | 
                1672 total
 » units 
                » upgrades
                
                | Strength of the Wild | 1 |  | 
| Reinforced Hides | 1 |  | 
| Vorpal Blades | 1 |  | 
| Druid of the Claw Training | 1 |  | 
                4 total
 » buildings
                
                | Altar of Elders | 1 |  | 
| Moon Well | 4 |  | 
| Hunter's Hall | 1 |  | 
| Ancient of War | 2 |  | 
| Ancient Protector | 5 |  | 
| Tree of Life | 1 |  | 
| Tree of Ages | 1 |  | 
| Ancient of Lore | 2 |  | 
                17 total
 » build order
                00:07 Altar of Elders
00:21 Moon Well
01:42 Hunter's Hall
01:50 Ancient of War
02:02 Ancient of War
02:15 Moon Well
02:36 Moon Well
06:04 Ancient Protector
07:44 Ancient Protector
08:01 Ancient Protector
10:25 Tree of Life
10:47 Moon Well
14:05 Tree of Ages
18:47 Ancient of Lore
18:48 Ancient of Lore
19:00 Ancient Protector
19:01 Ancient Protector
» items
                
                | Scroll of Town Portal | 3 |  | 
| Scroll of Healing | 1 |  | 
| Scroll of Protection | 1 |  | 
| Potion of Lesser Invulnerability | 2 |  | 
                7 total
  
               
              
              
» 
Mgl.Mogul (
blue | 139 APM | 2820 actions | 20:19)
              
 5 Blademaster 
 3 Wind Walk
 2 Critical Strike
 3 Tauren Chieftain 
 2 War Stomp
 1 Endurance Aura
 
                » actions 
                
                | Assign group hotkey | 22 |  | 
| Basic commands | 76 |  | 
| Build / train | 70 |  | 
| Enter build submenu | 19 |  | 
| Enter hero's abilities submenu | 8 |  | 
| Give item / drop item | 4 |  | 
| Right click | 1117 |  | 
| Select / deselect | 611 |  | 
| Select group hotkey | 804 |  | 
| Use ability | 88 |  | 
                2820 total
 » units 
                
                | Peon | 9 |  | 
| Grunt | 3 |  | 
| Shaman | 6 |  | 
| Tauren | 6 |  | 
| Spirit Walker | 3 |  | 
                27 total
 » upgrades
                
                | Pillage | 1 |  | 
| Armor | 2 |  | 
| Shaman Training | 2 |  | 
| Pulverize | 1 |  | 
| Reinforced Defenses | 1 |  | 
| Spirit Walker Training | 2 |  | 
                9 total
 » buildings
                
                | Altar of Storms | 1 |  | 
| Orc Burrow | 6 |  | 
| Barracks | 1 |  | 
| Stronghold | 2 |  | 
| Voodoo Lounge | 1 |  | 
| War Mill | 1 |  | 
| Spirit Lodge | 1 |  | 
| Fortress | 2 |  | 
| Great Hall | 2 |  | 
| Tauren Totem | 2 |  | 
| Watch Tower | 1 |  | 
                20 total
 » build order
                00:11 Altar of Storms
00:20 Orc Burrow
01:19 Barracks
01:29 Orc Burrow
02:51 Stronghold
02:52 Stronghold
03:31 Voodoo Lounge
04:17 Orc Burrow
04:34 Orc Burrow
04:55 War Mill
05:45 Spirit Lodge
06:51 Fortress
06:51 Fortress
08:10 Great Hall
09:13 Tauren Totem
09:14 Tauren Totem
10:27 Watch Tower
13:15 Great Hall
13:33 Orc Burrow
13:36 Orc Burrow
» items
                
                | Healing Salve | 3 |  | 
| Scroll of Town Portal | 2 |  | 
| Orb of Lightning | 1 |  | 
| Boots of Speed | 1 |  | 
                7 total
  
                Chat log
          (00:06 / Allies) Mgl.Mogul:  iwa gonna pick a race..
(00:13 / All) Zeratul-1: aw dang and i was hopin for COOLMIKE162
(00:14 / Allies) jack7daniels: u get a good one?
(00:17 / All) AidsPATIENT: who are you?
(00:31 / Allies) Mgl.Mogul: u guys searched...
(00:36 / Allies) KNIFE]NOOBELF: calm down
(00:40 / Allies) AidsPATIENT: they're bad
(00:42 / Allies) Mgl.Mogul: before i selcecked my rarce
(00:42 / Allies) KNIFE]NOOBELF: your orc is amazing
(00:44 / Allies) Mgl.Mogul: race
(00:50 / Allies) KNIFE]NOOBELF: YOUR ORC IS AMAZING
(00:57 / Allies) Mgl.Mogul: no
(01:11 / Allies) Mgl.Mogul: what u going pink
(01:14 / Allies) AidsPATIENT: bat
(01:17 / Allies) Mgl.Mogul: k
(01:21 / Allies) KNIFE]NOOBELF: im potm hunt dryad
(01:23 / Allies) KNIFE]NOOBELF: i guess
(01:31 / Allies) KNIFE]NOOBELF: actually
(01:33 / Allies) KNIFE]NOOBELF: keeper first
(01:34 / Allies) Mgl.Mogul: taurens
(01:36 / Allies) jack7daniels: we playin vs proto?
(01:37 / Allies) Mgl.Mogul: caster
(01:40 / Allies) KNIFE]NOOBELF: yea
(02:06 / Allies) KNIFE]NOOBELF: peon team is on
(02:16 / Allies) KNIFE]NOOBELF: nvm
(02:18 / Allies) AidsPATIENT: i gotta tourney with rush
(02:24 / Allies) Mgl.Mogul: yea i gotta tojurney too
(02:29 / Allies) AidsPATIENT: its up..
(02:30 / Allies) jack7daniels: so lets win it
(02:42 / Allies) Mgl.Mogul: no..
(02:52 / Allies) KNIFE]NOOBELF: get hall
(03:47 / Allies) jack7daniels: shit its 3
(03:51 / Allies) jack7daniels: didnt see that
(04:06 / Allies) KNIFE]NOOBELF: CREEP GREEN WTF
(04:14 / Allies) KNIFE]NOOBELF: i should have expo 
(04:45 / Allies) KNIFE]NOOBELF: get mill blue
(05:56 / Allies) Mgl.Mogul: 4
(06:06 / Allies) AidsPATIENT: lol
(06:13 / Allies) AidsPATIENT: why'
(08:58 / Allies) jack7daniels: dam
(09:04 / All) AidsPATIENT: sup
(09:21 / Allies) KNIFE]NOOBELF: share mog
(09:43 / Allies) KNIFE]NOOBELF: kill kotg green
(09:50 / All) AidsPATIENT: rofl
(09:54 / All) AidsPATIENT: purp needs to be cut
(10:04 / Allies) jack7daniels: expo up
(10:10 / Allies) KNIFE]NOOBELF: wood me
(12:03 / Allies) jack7daniels: gold
(12:16 / Allies) KNIFE]NOOBELF: pink
(13:56 / Allies) KNIFE]NOOBELF: get masonry
(15:02 / All) FFA_TEN: fucking faggots i swear to god
(15:14 / All) FFA_TEN: fucking nigger hacking knife shit
(15:28 / Allies) KNIFE]NOOBELF: dont talk
(15:48 / All) FFA_TEN: I CANT FIGHT UNITS ILL JUST ATACK HALLS AND FEED MY UNDEAD ALLY
(15:56 / All) AidsPATIENT: ur b ad
(16:00 / All) FFA_TEN: run you piece of shit hacker
(16:34 / All) FFA_TEN: fucking can't comprehend niggers who just go game to game feeding their allies
(17:03 / Allies) jack7daniels: mass arch 
(17:07 / Allies) jack7daniels: hit em
(17:08 / Allies) jack7daniels: i here
(17:22 / All) FFA_TEN: IM GONNA TP BECAUSE I CANT FIGHT UNITS
(17:49 / All) KNIFE]NOOBELF: your main up yet red?
(17:57 / All) FFA_TEN: go back to the feeding screen you ufcking hacker nigger
(18:04 / All) AidsPATIENT: cut purp
(18:30 / All) AidsPATIENT: gj bors
(18:40 / All) AidsPATIENT: Stne retard team
(18:42 / All) AidsPATIENT: rofl
(18:58 / All) FFA_TEN: oh look one of the feeders is talking again
(19:03 / All) AidsPATIENT: Im not feeding
(19:05 / All) AidsPATIENT: I have 2k
(19:05 / All) AidsPATIENT: atm
(19:12 / All) FFA_TEN: ok
(19:20 / All) AidsPATIENT: ur one of those stne kids
(19:21 / Allies) jack7daniels: oops lol
(19:22 / All) AidsPATIENT: who wer enever good
(19:25 / All) AidsPATIENT: at 4;s
(19:36 / All) FFA_TEN: you're one of those dorks who begs people to carry him in games
(19:37 / All) KNIFE]NOOBELF: LOl
(19:47 / All) AidsPATIENT: gj
(19:49 / Allies) KNIFE]NOOBELF: get masonry pink
(20:05 / All) Zeratul-1: how's that map hack helpin
(20:08 / All) Zeratul-1: still at 50% win rate?
(20:16 / All) AidsPATIENT: Out